 Dungeon Crawl Stone Soup version 0.21.1-1-g345015f (webtiles) character file.

2973 jimbo the Basher (level 9, 0/81 HPs)
             Began as a Minotaur Berserker on Feb 26, 2018.
             Was a Priest of Trog.
             Slain by an ice beast (19 damage)
             ... on level 9 of the Dungeon.
             The game lasted 00:39:07 (4432 turns).

jimbo the Basher (Minotaur Berserker)               Turns: 4432, Time: 00:39:10

Health: 0/81       AC: 17    Str: 26    XL:     9   Next: 53%
Magic:  8/8        EV:  9    Int:  4    God:    Trog [***...]
Gold:   278        SH:  4    Dex: 12    Spells: 8/8 levels left

rFire    + . .     SeeInvis .   f - +0 morningstar
rCold    x . .     Gourm    .   l - +0 buckler
rNeg     . . .     Faith    +   u - +0 plate armour
rPois    .         Spirit   .   (helmet restricted)
rElec    .         Reflect  .   (no cloak)
rCorr    .         Harm     .   g - +2 pair of gloves {Str+3}
MR       .....                  (no boots)
Stlth    ..........             j - amulet of faith
HPRegen  0.23/turn              e - ring of wizardry
MPRegen  0.11/turn              a - ring of fire

@: no status effects
A: retaliatory headbutt, horns 2, deterioration 1, mutation resistance 1
a: Berserk, Trog's Hand, Burn Spellbooks, Renounce Religion


You were on level 9 of the Dungeon.
You worshipped Trog.
Trog was most pleased with you.
You were not hungry.

You visited 1 branch of the dungeon, and saw 9 of its levels.

You collected 278 gold pieces.

Inventory:

Hand Weapons
 f - a +0 morningstar (weapon)
 q - a +1 scimitar of holy wrath
Armour
 g - a +2 pair of gloves of strength (worn)
 i - a +0 troll leather armour
 l - a +0 buckler (worn)
 u - a +0 plate armour (worn)
Jewellery
 a - a ring of fire (right hand)
 e - a ring of wizardry (left hand)
 j - an amulet of faith (around neck)
Wands
 d - a wand of iceblast (8)
Scrolls
 b - 2 scrolls of remove curse
 n - a scroll of enchant armour {unknown}
 r - a scroll of magic mapping {unknown}
 s - a scroll of identify
Potions
 h - 2 potions of flight {unknown}
Comestibles
 c - 3 rations


   Skills:
 + Level 7.9 Fighting
 + Level 11.0 Maces & Flails
 + Level 8.2 Armour
 + Level 4.0 Dodging
 + Level 1.1 Stealth
 + Level 3.3 Shields


You had 8 spell levels left.
You didn't know any spells.

Dungeon Overview and Level Annotations

Branches:
Dungeon (9/15)
 Temple: D:4-7         Lair: D:8-11         Orc: D:9-12

Altars:
Wu Jian


Innate Abilities, Weirdness & Mutations

You reflexively headbutt those who attack you in melee.
You have a pair of horns on your head.
Your body sometimes deteriorates upon taking damage.
You are somewhat resistant to further mutation.


Message History

An orc comes into view.
You hit the orc warrior but do no damage.
Your headbutt misses the orc warrior. The orc warrior closely misses you.
You furiously retaliate!
You headbutt the orc warrior. The wight hits you but does no damage.
You puncture the orc warrior! You headbutt the orc warrior.
The orc warrior is severely wounded.
The orc warrior completely misses you.
The wight hits you but does no damage. x2
A shadow imp comes into view.
You hit the orc warrior. Your headbutt misses the orc warrior.
The orc warrior is severely wounded.
The orc warrior completely misses you. You furiously retaliate!
You headbutt the orc warrior. The wight barely misses you.
Your plate armour prevents you from hitting the orc warrior.
Your headbutt misses the orc warrior.
The orc warrior is almost dead.
You block the wight's attack. The ice beast hits you.
* * * LOW HITPOINT WARNING * * *
The ice beast freezes you!!
You feel a terrible chill!
You die...

#.. ##########
.........# .........#
........# #### .......#
.######..########+##....
...................#....
.......@........).()..).
...###Yoz.#######.##)...
#..oz# #.###'##
......... .......#
.........o. #.......#
..............#.......'
............5.#.......#
.###########'######..##
#..#


You could see an orc warrior, an ice beast, 2 wights, an orc wizard, a shadow
imp and an orc.

Vanquished Creatures
  A two-headed ogre (D:9)
  Maurice (D:8)
  Psyche (D:8)
  A troll (D:9)
  A hippogriff (D:9)
  An ice beast (D:9)
  An orc warrior (D:9)
  2 sky beasts
  2 ogres
  A centaur (D:8)
  A bullfrog (D:8)
  5 wights
  2 howler monkeys (D:9)
  A centaur skeleton (D:4)
  3 orc wizards (D:9)
  An iguana (D:8)
  2 worker ants
  A hound zombie (D:6)
  A hound skeleton (D:7)
  4 gnolls (D:7)
  8 adders
  2 shadow imps (D:7)
  An ooze (D:4)
  A worm (D:5)
  3 dart slugs
  2 leopard geckos
  6 orcs
  A ball python (D:3)
  7 bats
  3 giant cockroaches
  6 goblins
  4 hobgoblins
  11 jackals
  4 kobolds
  A quokka (D:9)
  A frilled lizard (D:1)
  A giant cockroach zombie (D:5)
  A quokka zombie (D:5)
  13 rats
109 creatures vanquished.

Notes
Turn   | Place    | Note
-------+----------+-------------------------------------------
     0 | D:1      | jimbo the Minotaur Berserker began the quest for the Orb.
     0 | D:1      | Reached XP level 1. HP: 19/19 MP: 0/0
   165 | D:1      | Reached XP level 2. HP: 24/27 MP: 1/1
   326 | D:1      | Reached skill level 4 in Maces & Flails
   489 | D:1      | Reached ** piety under Trog
   489 | D:1      | Reached XP level 3. HP: 18/33 MP: 2/2
   548 | D:1      | Gained mutation: You are somewhat resistant to further mutation. [potion of mutation]
   548 | D:1      | Gained mutation: Your body sometimes deteriorates upon taking damage. [potion of mutation]
  1178 | D:3      | Reached XP level 4. HP: 41/41 MP: 3/3
  1230 | D:3      | Found a faded altar of an unknown god.
  1611 | D:4      | Noticed an ogre
  1615 | D:4      | Killed an ogre
  1615 | D:4      | Reached skill level 5 in Maces & Flails
  1615 | D:4      | Reached XP level 5. HP: 47/47 MP: 4/4
  2149 | D:5      | Entered Level 5 of the Dungeon
  2335 | D:5      | Found an ornate altar of the Wu Jian Council.
  3012 | D:6      | Reached skill level 5 in Fighting
  3073 | D:6      | Noticed a sky beast
  3080 | D:6      | Killed a sky beast
  3080 | D:6      | Reached skill level 1 in Stealth
  3080 | D:6      | Reached XP level 6. HP: 48/56 MP: 5/5
  3172 | D:6      | Reached skill level 1 in Shields
  3441 | D:7      | Reached skill level 6 in Maces & Flails
  3705 | D:8      | Reached XP level 7. HP: 46/61 MP: 6/6
  3732 | D:8      | Noticed Maurice
  3750 | D:8      | Killed Maurice
  3750 | D:8      | Reached skill level 7 in Maces & Flails
  3750 | D:8      | Reached skill level 5 in Armour
  3777 | D:8      | Reached XP level 8. HP: 60/70 MP: 7/7
  3844 | D:8      | Noticed Psyche
  3849 | D:8      | Killed Psyche
  3849 | D:8      | Reached skill level 8 in Maces & Flails
  3905 | D:8      | Reached *** piety under Trog
  3950 | D:9      | Reached skill level 9 in Maces & Flails
  4173 | D:9      | Noticed a hippogriff
  4185 | D:9      | Killed a hippogriff
  4305 | D:9      | Noticed a troll
  4317 | D:9      | Killed a troll
  4317 | D:9      | Reached skill level 10 in Maces & Flails
  4317 | D:9      | Reached XP level 9. HP: 44/79 MP: 8/8
  4372 | D:9      | Noticed a two-headed ogre
  4383 | D:9      | Killed a two-headed ogre
  4388 | D:9      | Reached skill level 11 in Maces & Flails
  4432 | D:9      | Slain by an ice beast

Skill      XL: |  1  2  3  4  5  6  7  8  9 |
---------------+----------------------------+-----
Fighting       | 4 5 7 |  7.9
Maces & Flails | 4 5 6 7 10 11 | 11.0
Armour         | 3 4 6 7 8 |  8.2
Dodging        | 3 4 |  4.0
Stealth        | 1 |  1.1
Shields        | 1 2 3 |  3.3

Action                   |  1- 3 |  4- 6 |  7- 9 || total
-------------------------+-------+-------+-------++-------
Melee: Mace              |    68 |    23 |       ||    91
       Headbutt          |     9 |    11 |    20 ||    40
       Morningstar       |       |    63 |   123 ||   186
Invok: Berserk           |       |     1 |       ||     1
  Use: Scroll            |     2 |       |     1 ||     3
       Potion            |     2 |       |       ||     2
 Stab: Sleeping          |     3 |       |       ||     3
  Eat: Ration            |     1 |     2 |     1 ||     4
Armor: Animal skin       |    11 |       |       ||    11
       Leather armour    |    12 |       |       ||    12
       Ring mail         |     5 |    22 |       ||    27
       Chain mail        |       |    19 |       ||    19
       Plate armour      |       |     5 |    89 ||    94
Dodge: Dodged            |    78 |    60 |    67 ||   205
Block: Buckler           |       |    13 |    21 ||    34
